 Dungeon Crawl Stone Soup version 0.27.0-1-g7a08968 (webtiles) character file.

Game seed: 1938206252999615756

182 Illumine the Vandal (level 5, 0/42 HPs)
             Began as a Demigod Arcane Marksman on Aug 10, 2021.
             Slain by a scorpion (7 damage)
             ... on level 4 of the Dungeon.
             The game lasted 00:04:32 (3576 turns).

Illumine the Vandal (Demigod Arcane Marksman)       Turns: 3576, Time: 00:04:33

Health: 0/42       AC:  3    Str: 15    XL:     5   Next: 12%
Magic:  9/9        EV: 12    Int: 15    God:
Gold:   178        SH:  0    Dex: 14    Spells: 5/6 levels left

rFire    . . .     SeeInvis .   a - +0 hunting sling
rCold    . . .     Faith    .   (no shield)
rNeg     . . .     Spirit   .   d - +0 robe
rPois    .         Reflect  .   (no helmet)
rElec    .         Harm     .   u - +0 cloak
rCorr    .         Rampage  .   (no gloves)
Will     .....                  (no boots)
Stlth    +.........             (no amulet)
HPRegen  0.14/turn              (no ring)
MPRegen  0.11/turn              (no ring)

@: no status effects
A: high mp 1, forlorn
a: no special abilities


You were on level 4 of the Dungeon.
You visited 1 branch of the dungeon, and saw 4 of its levels.

You collected 178 gold pieces.

Inventory:

Hand Weapons
 a - a +0 hunting sling (weapon)
 h - a +0 quarterstaff
 q - a +0 broad axe
Missiles
 b - 31 stones
 c - 7 sling bullets (quivered ammo)
 s - 4 javelins
Armour
 d - a +0 robe (worn)
 u - a +0 cloak (worn)
Jewellery
 o - a ring of protection from fire
Wands
 l - a wand of mindburst (20)
Scrolls
 f - a scroll of teleportation {unknown}
 g - a scroll of noise {unknown}
 j - 2 scrolls of identify {unknown}
 k - 2 scrolls of holy word {unknown}
 m - a scroll of amnesia {unknown}
 t - a scroll of summoning {unknown}
Potions
 e - 2 potions of curing
 i - 3 potions of haste {unknown}
 n - a potion of degeneration {unknown}
 p - a potion of cancellation {unknown}
 r - a potion of mutation {unknown}


   Skills:
 + Level 2.5 Fighting
 * Level 4.1 Slings
 - Level 1.7 Dodging
 - Level 1.0 Spellcasting
 - Level 2.6 Hexes
 + Level 1.2 Evocations


You had 5 spell levels left.
You knew the following spells:

 Your Spells              Type           Power      Damage    Failure   Level
a - Corona                Hex            8%         N/A       9%          1

Your spell library contained the following spells:

 Spells                   Type           Power      Damage    Failure   Level
 Slow                     Hex            8%         N/A       12%         2
 Inner Flame              Hex/Fire       4%         N/A       38%         3
 Portal Projectile        Hex/Tloc       8%         N/A       38%         3
 Cause Fear               Hex            4%         N/A       63%         4


Dungeon Overview and Level Annotations

Branches:
Dungeon (4/15)
 Temple: D:4-7

Annotations:
D:2 1 runed translucent door, Crazy Yiuf


Innate Abilities, Weirdness & Mutations

Your attributes grow dramatically as you level up.
You have an increased reservoir of magic. (+10% MP)
You shall have no god before yourself.


Message History

You are poisoned.
The scorpion poisons you!
You feel very sick. The scorpion stings you.
You are more poisoned.
The scorpion poisons you!
You feel very sick.
* * * LOW HITPOINT WARNING * * *
You feel very sick.
It was a potion of curing.
You feel better. The scorpion closely misses you.
a - a +0 hunting sling (weapon)
The scorpion stings you!
* * * LOW HITPOINT WARNING * * *
Fire: 11 sling bullets
Press: ? - help, Q - select action, (/) - cycle Shift-Dir - straight line, f/p - scorpion
Aim: a scorpion (62% to hit)
You shoot a sling bullet. The sling bullet hits the scorpion!
The scorpion is moderately wounded.
The scorpion stings you.
* * * LOW HITPOINT WARNING * * *
Fire: 10 sling bullets
Press: ? - help, Q - select action, (/) - cycle Shift-Dir - straight line, f/p - scorpion
Aim: a scorpion (moderately wounded, 62% to hit)
You shoot a sling bullet. The sling bullet hits the scorpion!
The scorpion is almost dead.
The scorpion stings you.
* * * LOW HITPOINT WARNING * * *
Fire: 9 sling bullets
Press: ? - help, Q - select action, (/) - cycle Shift-Dir - straight line, f/p - scorpion
Aim: a scorpion (almost dead, 62% to hit)
You shoot a sling bullet.
The sling bullet barely misses the scorpion.
The scorpion misses you.
Fire: 8 sling bullets
Press: ? - help, Q - select action, (/) - cycle Shift-Dir - straight line, f/p - scorpion
Aim: a scorpion (almost dead, 62% to hit)
You shoot a sling bullet.
The sling bullet closely misses the scorpion.
The scorpion stings you!
You die...

#.......## #..#
##.......# #..#
#.......####
##..#
##.........###..#
#.............##
##.....####....#
#....## #..)..##
###..# ##......##
#### #..@##...##
#..s###...#
###.## ##..##
#...# ##..##
#.(.## ##..## #
#"...# ##..# ##
#(..## #..## ##.
..... ##.)####..
...... ##..##...


You could see a scorpion.

Vanquished Creatures
  A necrophage (D:3)
  3 adders (D:2)
  A dart slug (D:3)
  4 orcs
  4 ball pythons
  7 bats
  6 endoplasms
  3 giant cockroaches
  4 hobgoblins
  4 jackals (D:1)
  3 quokkas
  3 frilled lizards
  5 goblins
  6 kobolds
  8 rats
62 creatures vanquished.

Notes
Turn   | Place    | Note
-------+----------+-------------------------------------------
     0 | D:1      | Illumine the Demigod Arcane Marksman began the quest for
                  | the Orb.
     0 | D:1      | Reached XP level 1. HP: 15/15 MP: 4/4
    46 | D:1      | You fall into a shaft and drop 1 floor!
    51 | D:2      | Reached skill level 1 in Fighting
    51 | D:2      | Reached skill level 2 in Slings
   216 | D:1      | Reached XP level 2. HP: 23/23 MP: 5/5
   927 | D:1      | Reached XP level 3. HP: 28/28 MP: 6/6
  1037 | D:2      | Reached skill level 3 in Slings
  1771 | D:2      | Found a runed translucent door.
  1772 | D:2      | Noticed Crazy Yiuf
  2201 | D:3      | Reached XP level 4. HP: 28/36 MP: 8/8
  2689 | D:3      | Noticed a necrophage
  2703 | D:3      | Killed a necrophage
  2704 | D:3      | Reached skill level 4 in Slings
  2704 | D:3      | Reached skill level 1 in Evocations
  2704 | D:3      | Reached XP level 5. HP: 11/42 MP: 9/9
  3576 | D:4      | Slain by a scorpion

Illustrated notes

Levels and vault maps discovered:
D:1:      roderic_octagonal_star, layout_rooms, minmay_misc_feat_tiny
D:2:      layout_basic, minmay_close_crescents, uniq_crazy_yiuf_cottage
D:3:      layout_basic, nicolae_dithmenos_through_a_glass_darkly,
          hellmonk_ecumenical_altar_slurped_away, serial_curves, eino_curves_02,
          eino_curves_03, corexii_corridor_pit, bh_walls_and_bars
D:4:      layout_cave_pods, mainiacjoe_overflow_surrounded_room,
          nicolae_sif_muna_condensation, minmay_overflow_temple_star_quad,
          mainiacjoe_overflow_small_starburst, nicolae_stop_n_shop_1

Skill      XL: |  1  2  3  4 |
---------------+-------------+-----
Fighting       | 1 2 |  2.5
Slings         | 2 3 4 |  4.1
Evocations     | 1 |  1.2
Dodging        | |  1.7
Spellcasting   | |  1.0
Hexes          | |  2.6

Action                   |  1- 3 |  4- 6 || total
-------------------------+-------+-------++-------
Melee: Quarterstaff      |    69 |     3 ||    72
       Broad axe         |       |    31 ||    31
 Fire: Hunting sling     |    60 |    24 ||    84
  Use: Potion            |       |     1 ||     1
 Stab: Sleeping          |     2 |       ||     2
Armor: Robe              |    20 |     4 ||    24
Dodge: Dodged            |    81 |    25 ||   106
